 Dungeon Crawl Stone Soup version 0.18-a0-1685-g4482fe3 (webtiles) character file.

4357 Eucla the Cleaver (level 10, -4/91 HPs)
             Began as a Minotaur Skald on Apr 4, 2016.
             Was an Elder of Okawaru.
             Slain by Gastronok (31 damage)
             ... on level 9 of the Dungeon.
             The game lasted 00:10:49 (7570 turns).

Eucla the Cleaver (Minotaur Skald)                  Turns: 7570, Time: 00:10:50

Health: -4/91      AC: 11    Str: 16    XL:     10   Next: 12%
Magic:  11/11      EV: 14    Int:  9    God:    Okawaru [****..]
Gold:   204        SH:  0    Dex: 17    Spells: 1 memorised, 10 levels left

rFire  . . .     SeeInvis .     F - +0 battleaxe
rCold  . . .     Gourm    .     k - +0 scale mail (curse)
rNeg   . . .     Faith    .     (shield currently unavailable)
rPois  .         Spirit   .     (helmet restricted)
rElec  .         Dismiss  .     H - +0 cloak
rCorr  .         Reflect  .     (no gloves)
SustAt .         Harm     .     f - +0 pair of boots {Stlth+}
MR     .....                    o - amulet of magic regeneration
Stlth  +.........               r - +3 ring of dexterity
                                (no ring)

@: very slightly contaminated, hasted and slowed, not resistant to hostile
enchantments, very unstealthy
A: retaliatory headbutt, horns 2
a: Heroism, Renounce Religion


You were on level 9 of the Dungeon.
You worshipped Okawaru.
Okawaru was greatly pleased with you.
You were not hungry.

You visited 1 branch of the dungeon, and saw 9 of its levels.

You collected 348 gold pieces.
You spent 144 gold pieces at shops.

Inventory:

Hand Weapons
 a - a +0 hand axe
 h - a +0 war axe
 F - a +0 battleaxe (weapon)
Armour
 f - a +0 pair of boots of stealth (worn)
 g - a +0 pair of boots
 k - a cursed +0 scale mail (worn)
 p - a +0 plate armour
 H - a +0 cloak (worn)
Jewellery
 o - an amulet of magic regeneration (around neck)
 r - a +3 ring of dexterity (right hand)
 x - an uncursed ring of fire
Wands
 b - a wand of polymorph (11/24)
 q - a wand of slowing (37/48)
 y - a wand of flame (12/48)
 I - a wand of slowing (21/48)
Scrolls
 i - 2 scrolls of enchant armour {unknown}
 j - a scroll of noise {unknown}
 l - 6 scrolls of teleportation {unknown}
 m - 3 scrolls of identify {unknown}
 n - 2 scrolls of immolation {unknown}
 s - 3 scrolls of recharging {unknown}
 w - a scroll of summoning {unknown}
 B - a scroll of enchant weapon {unknown}
 C - a scroll of blinking {unknown}
 D - a scroll of remove curse
Potions
 e - a potion of curing
 t - 2 potions of lignification {unknown}
 v - a potion of resistance {unknown}
 A - a potion of flight {unknown}
 E - 2 potions of brilliance {unknown}
Books
 c - a book of Battle

   Spells                             Type                      Level
   a - Infusion                       Charms                       1
   b - Shroud of Golubria             Charms/Translocation         2
   c - Song of Slaying                Charms                       2
   d - Spectral Weapon                Hexes/Charms                 3
   e - Regeneration                   Charms/Necromancy            3
Comestibles
 d - 7 bread rations
 G - 2 meat rations


   Skills:
 + Level 9.3 Fighting
 * Level 12.8 Axes
 + Level 9.0 Armour
 + Level 8.0 Dodging
 - Level 1.3 Spellcasting
 - Level 2.0 Charms


You had 10 spell levels left.
You knew the following spells:

 Your Spells              Type           Power        Failure   Level  Hunger
a - Infusion              Chrm           #...         54%         1    ##.....


Dungeon Overview and Level Annotations

Branches:
Dungeon (8/15)             Temple (0/1) D:6
   Lair: D:8-11

Altars:
Cheibriados
Elyvilon
Fedhas
Makhleb
Okawaru
Qazlal
Ru
Sif Muna
Trog
Vehumet
Yredelemnul
Zin

Shops:
D:4 **[[[   D:5 [:(![

Annotations:
D:4 Edmund
D:9 Gastronok


Innate Abilities, Weirdness & Mutations

You reflexively headbutt those who attack you in melee.
You have a pair of horns on your head.


Message History

Unknown command.
You hit Gastronok. You headbutt Gastronok!
Gastronok is lightly wounded.
You hit Gastronok but do no damage.
Gastronok is lightly wounded.
Gastronok looks at you and mumbles some strange words.
You feel yourself slow down.
You hit Gastronok.
Gastronok is lightly wounded.
Unknown command.
Your scale mail prevents you from hitting Gastronok.
Gastronok is lightly wounded.
Gastronok bites you!
* * * LOW HITPOINT WARNING * * *
You slice Gastronok!!
Gastronok is moderately wounded.
You hit Gastronok but do no damage.
Gastronok is moderately wounded.
Gastronok bites you!!
You die...

#.. ... #.# #.#
#.# #.# #.#
..#####.#####.#
........@wr...#
..#####†#####.#
#.# #.# #.# #.#
#.# #.#
#.#####.#####.#
#.............#
#.#####.#####.#
#.# #.# #.#


You could see Gastronok and a rat.

Vanquished Creatures
  A hill giant (D:7)
  A two-headed ogre (D:9)
  Grinder (D:3)
  Sigmund (D:6)
  A hungry ghost (D:7)
  A hippogriff (D:8)
  Menkaure (D:6)
  A water moccasin (D:7)
  An ice beast (D:7)
  Duvessa (D:6)
  2 sky beasts
  2 orc warriors
  An ogre (D:5)
  A centaur (D:7)
  Blork the orc (D:4)
  2 giant frogs (D:6)
  Dowan (D:6)
  3 scorpions
  A water moccasin skeleton (D:4)
  6 killer bees (D:7)
  5 crimson imps
  2 jellies (D:9)
  Crazy Yiuf (D:6)
  A giant frog skeleton (D:5)
  A gnoll shaman (D:7)
  3 hounds
  An iguana (D:7)
  3 orc priests
  3 orc wizards (D:5)
  8 worker ants
  A hound skeleton (D:7)
  3 gnolls (D:7)
  11 adders
  3 shadow imps
  An ooze (D:3)
  An adder skeleton (D:4)
  5 worms
  2 dart slugs (D:1)
  4 giant geckos
  25 orcs
  2 ball pythons
  5 giant cockroaches
  4 goblins
  4 hobgoblins (D:1)
  2 jackals (D:6)
  4 quokkas
  11 bats
  4 giant newts
  8 kobolds
  A quokka zombie (D:8)
  14 rats
173 creatures vanquished.

Notes
Turn   | Place    | Note
--------------------------------------------------------------
     0 | D:1      | Eucla the Minotaur Skald began the quest for the Orb.
     0 | D:1      | Reached XP level 1. HP: 18/18 MP: 1/1
   282 | D:1      | Reached XP level 2. HP: 21/25 MP: 3/3
   386 | D:1      | Reached skill level 3 in Axes
   976 | D:2      | Reached XP level 3. HP: 31/31 MP: 4/4
  1277 | D:2      | Found a glowing silver altar of Zin.
  1277 | D:2      | Found a burning altar of Makhleb.
  1278 | D:2      | Noticed an Executioner
  1280 | D:2      | Noticed an angel
  1499 | D:2      | Reached XP level 4. HP: 11/38 MP: 5/5
  1849 | D:2      | Reached skill level 4 in Axes
  1941 | D:3      | You fall through a shaft!
  1952 | D:4      | Found an iron altar of Okawaru.
  1957 | D:4      | Became a worshipper of Warmaster Okawaru
  2042 | D:3      | Reached XP level 5. HP: 42/46 MP: 6/6
  2189 | D:3      | Noticed Grinder
  2206 | D:3      | Paralysed by Grinder for 3 turns
  2216 | D:3      | Paralysed by Grinder for 6 turns
  2240 | D:3      | Killed Grinder
  2240 | D:3      | Reached skill level 5 in Axes
  2240 | D:3      | Reached XP level 6. HP: 8/53 MP: 7/7
  2932 | D:4      | Noticed Edmund
  2953 | D:4      | Reached skill level 10 in Axes
  2953 | D:4      | Reached XP level 7. HP: 46/68 MP: 8/8
  3212 | D:4      | Reached skill level 11 in Axes
  3283 | D:4      | Found Lammelaoju's Armour Emporium.
  3317 | D:4      | Found Hicerio's Antique Armour Emporium.
  3337 | D:4      | Bought a pair of runed boots for 144 gold pieces
  3395 | D:4      | Found a radiant altar of Vehumet.
  3398 | D:4      | Found a sacrificial altar of Ru.
  3401 | D:4      | Found a deep blue altar of Sif Muna.
  3401 | D:4      | Found a stormy altar of Qazlal.
  3509 | D:4      | Noticed Blork the orc
  3515 | D:4      | Killed Blork the orc
  3567 | D:4      | Found Daonlat's Armour Emporium.
  3620 | D:4      | Found Aqyrew's General Store.
  3651 | D:4      | Found Daejysatz's General Store.
  3810 | D:5      | Entered Level 5 of the Dungeon
  3837 | D:5      | Reached * piety under Okawaru
  3837 | D:5      | Reached XP level 8. HP: 69/74 MP: 9/9
  4061 | D:5      | Found Etuus's Distillery.
  4111 | D:5      | Found Pixodghea's Book Shoppe.
  4162 | D:5      | Found Isuesax's Antique Armour Emporium.
  4326 | D:5      | Found Bouw's Weapon Shop.
  4341 | D:5      | Found Zuku's Antique Armour Shoppe.
  4473 | D:6      | Found a white marble altar of Elyvilon.
  4494 | D:6      | Noticed Dowan
  4495 | D:6      | Noticed Duvessa
  4503 | D:6      | Killed Dowan
  4508 | D:6      | Killed Duvessa
  4650 | D:6      | Noticed Sigmund
  4659 | D:6      | Found a staircase to the Ecumenical Temple.
  4683 | D:6      | Killed Sigmund
  4900 | D:6      | Found a burning altar of Makhleb.
  4912 | D:6      | Noticed Menkaure
  4921 | D:6      | Killed Menkaure
  4921 | D:6      | Reached ** piety under Okawaru
  5020 | D:6      | Found an iron altar of Okawaru.
  5020 | D:6      | Found a blossoming altar of Fedhas.
  5133 | D:6      | Reached XP level 9. HP: 75/82 MP: 10/10
  5182 | D:6      | Found a basalt altar of Yredelemnul.
  5432 | D:6      | Found a snail-covered altar of Cheibriados.
  5589 | D:6      | Noticed Crazy Yiuf
  5598 | D:6      | Killed Crazy Yiuf
  6184 | D:7      | Reached skill level 12 in Axes
  6252 | D:7      | Noticed a moth of wrath
  6255 | D:7      | Found a bloodstained altar of Trog.
  6725 | D:7      | Noticed a hill giant
  6731 | D:7      | Killed a hill giant
  6731 | D:7      | Reached *** piety under Okawaru
  7287 | D:8      | Reached XP level 10. HP: 76/91 MP: 11/11
  7436 | D:8      | You fall through a shaft!
  7555 | D:9      | Reached **** piety under Okawaru
  7556 | D:9      | Noticed Gastronok
  7570 | D:9      | Slain by Gastronok

Vault maps used:
D:1:      lemuel_arrival_rhombus
D:2:      grunt_temple_overflow_order_and_chaos_2, kennysheep_generic_room_9
D:3:      wad_pebble_path, uniq_grinder
D:4:      grunt_temple_overflow_open, serial_shops, nicolae_shop_trees, shop,
          kennysheep_mini_moat, shop_fountains, shop, okawaru_metal_pillars_3,
          uniq_blork_the_orc, uniq_edmund
D:5:      serial_shops, shop, shop, nicolae_shop_statue_plus,
          nicolae_shop_overgrown_old_shop, nicolae_shop_stone, first_bread,
          saegor_snake_ambush
D:6:      cheibriados_altar_1, gammafunk_temple_overflow_wave, elyvilon_altar_3,
          overflow_temple_1_default, temple_fountains, basic_altar,
          lightli_orcish_oven, uniq_sigmund, uniq_crazy_yiuf_cottage,
          uniq_duvessa, uniq_menkaure
D:7:      tgw_trog
D:8:      grunt_pakellas_basics, uniq_psyche, uniq_pikel
D:9:      xom_shifter_show, uniq_gastronok

Skill      XL: |  1  2  3  4  5  6  7  8  9 10 |
---------------+-------------------------------+-----
Axes           | 3 4 5 10 11 12 | 12.8
Fighting       | 3 4 8 9 |  9.3
Armour         | 2 3 7 8 9 |  9.0
Dodging        | 2 3 6 7 8 |  8.0
Spellcasting   | |  1.3
Charms         | |  2.0

Action                   |  1- 3 |  4- 6 |  7- 9 | 10-12 || total
-------------------------+-------+-------+-------+-------++-------
Melee: Hand axe          |   138 |   111 |    89 |       ||   338
       War axe           |       |       |   124 |       ||   124
       Battleaxe         |       |       |   128 |    21 ||   149
Invok: Heroism           |       |       |     3 |       ||     3
  Use: Potion            |     2 |     3 |       |     2 ||     7
       Scroll            |       |       |     1 |       ||     1
 Stab: Invisible         |       |       |     1 |       ||     1
  Eat: Chunk             |     1 |     1 |     8 |       ||    10
       Meat ration       |       |     1 |     2 |       ||     3
       Pizza             |       |       |     1 |       ||     1
       Beef jerky        |       |       |     1 |       ||     1
